 Dungeon Crawl Stone Soup version 0.24-a0-446-g87df720 (webtiles) character file.

Game seed: 4906961510360165753

9248 Tokanova the Basher (level 11, -1/67 HPs)
             Began as a Gargoyle Fighter on June 24, 2019.
             Was a Priest of Nemelex Xobeh.
             Slain by a troll (4 damage)
             ... on level 11 of the Dungeon.
             The game lasted 00:25:03 (9096 turns).

Tokanova the Basher (Gargoyle Fighter)              Turns: 9096, Time: 00:25:03

Health: -1/67      AC: 24    Str: 26    XL:     11   Next: 43%
Magic:  11/11      EV:  8    Int: 10    God:    Nemelex Xobeh [***...]
Gold:   778        SH:  0    Dex: 11    Spells: 10/10 levels left

rFire    x . .     SeeInvis .   u - +3 flail
rCold    + . .     Gourm    .   c - +0 shield
rNeg     + . .     Faith    +   z - +1 plate armour
rPois    ∞         Spirit   .   w - +1 hat
rElec    +         Reflect  .   (no cloak)
rCorr    .         Harm     .   (no gloves)
MR       .....     Rnd*Rage +   p - +0 pair of boots
Stlth    ..........             e - amulet of faith
HPRegen  0.21/turn              x - +4 ring of strength
MPRegen  0.12/turn              F - ring of Atheism {Ice Slay+2}

@: confused
A: agile 1, berserk 1, negative energy resistance 1, electricity resistance,
wild magic 1, unbreathing, petrification resistance, rot immunity, AC +8
a: Draw Escape, Draw Destruction, Draw Summoning, Triple Draw, Renounce Religion


You were on level 11 of the Dungeon.
You worshipped Nemelex Xobeh.
Nemelex Xobeh was most pleased with you.
You were full.

You visited 1 branch of the dungeon, and saw 11 of its levels.

You collected 778 gold pieces.

Inventory:

Hand Weapons
 u - a +3 flail (weapon)
Armour
 c - a +0 shield (worn)
 p - a +0 pair of boots (worn)
 w - a +1 hat (worn)
 z - a +1 plate armour (worn)
 G - a +0 troll leather armour
Magical Staves
 y - an uncursed staff of earth
Jewellery
 e - an amulet of faith (around neck)
 h - a +6 ring of evasion
 i - a +1 ring of evasion
 l - an uncursed ring of resist corrosion
 x - a +4 ring of strength (left hand)
 C - an uncursed ring of see invisible
 F - the ring of Atheism (right hand) {Ice Slay+2}
   (You found it on level 10 of the Dungeon)

   [ring of ice]

   It enhances your ice magic.
   It affects your accuracy and damage with ranged weapons and melee attacks
   (+2).
   It makes you vulnerable to fire.
   It protects you from cold.
Wands
 a - a wand of paralysis (17)
 k - a wand of flame (5)
 v - a wand of enslavement (9)
Scrolls
 d - 6 scrolls of teleportation
 g - 4 scrolls of magic mapping
 n - 4 scrolls of remove curse
 o - a scroll of fear
 q - 4 scrolls of identify
 r - 5 scrolls of fog
Potions
 b - a potion of degeneration {unknown}
 j - 2 potions of curing
 m - 2 potions of flight
 t - a potion of heal wounds
 A - a potion of magic
 B - 2 potions of agility
 D - a potion of invisibility
Comestibles
 f - 3 rations


   Skills:
 + Level 7.3 Fighting
 + Level 11.3 Maces & Flails
 + Level 6.7 Armour
 + Level 4.5 Dodging
 + Level 1.0 Stealth
 + Level 10.4 Shields
 + Level 1.0 Evocations


You had 10 spell levels left.
You didn't know any spells.
Your spell library was empty.

Dungeon Overview and Level Annotations

Branches:
Dungeon (11/15)            Temple (0/1) D:7            Lair (0/6) D:11
    Orc: D:9-12

Altars:
Dithmenos
Elyvilon
Gozag
Kikubaaqudgha
Makhleb
Nemelex Xobeh
Qazlal
Ru
Sif Muna
Vehumet
Yredelemnul
Zin
The Shining One

Annotations:
D:11 Urug


Innate Abilities, Weirdness & Mutations

You are resistant to torment.
Your stone body is resilient. (AC +8)
You are immune to poison.
You resist negative energy. (rN+)
You are resistant to electric shocks. (rElec)
You can survive without breathing.
You are immune to petrification.
You are immune to rotting.
You are agile. (Dex +2)
You tend to lose your temper in combat.
Your spells are a little harder to cast, but a little more powerful.


Message History

The troll bites you but does no damage. The troll barely misses you.
The troll claws you but does no damage. The hound skeleton barely misses you.
You closely miss the hound skeleton.
The hound skeleton is moderately damaged.
The golden eye seems to return to its normal shape.
The golden eye blinks at you.
You are more confused.
The dart slug closely misses you. The troll closely misses you.
The troll claws you but does no damage. The troll closely misses you.
The hound skeleton bites you but does no damage.
You closely miss the hound skeleton.
The hound skeleton is moderately damaged.
The golden eye blinks at you.
You are more confused.
The hound skeleton bites you but does no damage.
You sock the dart slug!
You kill the dart slug!
The troll bites you.
You die...
Your body glows slightly and disappears.

#.# #.# ... ##.##
##...## #.##.....#
#.....ZG# #@# ### #T#
..# #o# #.# ##S## #.#
##ooo## #.# ##..oo.##
### #.# #.......##
##.###.#
#.........####...##.#
'.........'.......#.##


You could see Urug, a troll, an orc priest, a golden eye, an adder, 4 orcs and a
hound skeleton.

Vanquished Creatures
  2 two-headed ogres
  Pikel (D:6)
  A kobold demonologist (D:11)
  A troll (D:9)
  A polar bear (D:10)
  7 hippogriffs
  Sigmund (D:3)
  5 yaks
  Eustachio (D:4)
  A basilisk (D:11)
  Menkaure (D:6)
  2 water moccasins
  Duvessa (D:7)
  A hornet zombie (D:11)
  2 orc warriors
  2 phantoms
  An ice beast (D:10)
  A slave (D:6)
  A black bear (D:7)
  2 ogres
  3 centaurs
  A necrophage (D:11)
  2 crocodiles
  A big kobold (D:9)
  5 bullfrogs
  A wyvern zombie (D:9)
  Dowan (D:7)
  4 scorpions
  8 killer bees
  4 wights (D:9)
  3 howler monkeys (D:10)
  3 crimson imps
  A bullfrog zombie (D:8)
  A quasit (D:7)
  A bullfrog skeleton (D:5)
  A centaur zombie (D:9)
  10 orc priests
  A centaur skeleton (D:9)
  4 hounds
  A jelly (D:9)
  3 iguanas
  Jessica (D:3)
  Ijyb (D:4)
  10 orc wizards
  2 worker ants
  3 worker ant zombies
  8 adders
  8 gnolls
  A shadow imp (D:7)
  3 oozes
  An adder zombie (D:5)
  3 worms
  3 dart slugs
  3 leopard geckos
  50 orcs
  14 bats
  11 giant cockroaches
  8 goblins
  9 hobgoblins
  4 jackals
  10 kobolds
  7 quokkas
  5 frilled lizards
  7 rats
266 creatures vanquished.

Notes
Turn   | Place    | Note
-------+----------+-------------------------------------------
     0 | D:1      | Tokanova the Gargoyle Fighter began the quest for the Orb.
     0 | D:1      | Reached XP level 1. HP: 14/14 MP: 1/1
   132 | D:1      | Reached XP level 2. HP: 19/19 MP: 2/2
   678 | D:2      | Reached XP level 3. HP: 23/23 MP: 3/3
  1016 | D:2      | Found a deep blue altar of Sif Muna.
  1016 | D:2      | Found a basalt altar of Yredelemnul.
  1016 | D:2      | Found a burning altar of Makhleb.
  1022 | D:2      | Found an opulent altar of Gozag.
  1022 | D:2      | Found a radiant altar of Vehumet.
  1174 | D:2      | Reached skill level 1 in Dodging
  1256 | D:2      | Reached XP level 4. HP: 25/28 MP: 4/4
  1467 | D:2      | Reached skill level 3 in Maces & Flails
  1581 | D:2      | Noticed a water moccasin
  1605 | D:2      | Killed a water moccasin
  1605 | D:2      | Reached XP level 5. HP: 18/33 MP: 5/5
  1646 | D:2      | Reached skill level 4 in Maces & Flails
  1793 | D:2      | Gained mutation: Potions are less effective at restoring
                  | your health. [potion of mutation]
  1793 | D:2      | Gained mutation: You have a pair of small horns on your
                  | head. [potion of mutation]
  1987 | D:3      | Reached XP level 6. HP: 38/38 MP: 6/6
  2043 | D:3      | Noticed Sigmund
  2053 | D:3      | Killed Sigmund
  2242 | D:3      | Noticed Jessica
  2250 | D:3      | Killed Jessica
  2250 | D:3      | Reached skill level 5 in Shields
  2332 | D:3      | Reached XP level 7. HP: 43/43 MP: 7/7
  2739 | D:4      | Found a stormy altar of Qazlal.
  2771 | D:4      | Noticed Eustachio
  2780 | D:4      | Killed Eustachio
  2780 | D:4      | Reached skill level 5 in Maces & Flails
  2809 | D:4      | You fall into a shaft and drop 2 floors!
  2895 | D:6      | Found a shadowy altar of Dithmenos.
  3044 | D:6      | Noticed a yak
  3044 | D:6      | Noticed a yak
  3046 | D:6      | Noticed a yak
  3047 | D:6      | Noticed a yak
  3052 | D:6      | Killed a yak
  3052 | D:6      | Reached XP level 8. HP: 32/48 MP: 8/8
  3066 | D:5      | Entered Level 5 of the Dungeon
  3078 | D:5      | Killed a yak
  3078 | D:5      | Reached skill level 6 in Maces & Flails
  3368 | D:5      | Reached skill level 5 in Fighting
  3679 | D:4      | Noticed Ijyb
  3683 | D:4      | Killed Ijyb
  3940 | D:4      | Found a glowing silver altar of Zin.
  3940 | D:4      | Found a glowing golden altar of the Shining One.
  3941 | D:4      | Found a white marble altar of Elyvilon.
  4344 | D:5      | Reached skill level 7 in Maces & Flails
  4672 | D:6      | Noticed Menkaure
  4701 | D:6      | Killed Menkaure
  4701 | D:6      | Reached XP level 9. HP: 12/54 MP: 9/9
  4710 | D:6      | HP: 4/81 [phantom (5)]
  4711 | D:6      | HP: 1/81 [phantom (3)]
  5063 | D:6      | Reached skill level 8 in Maces & Flails
  5113 | D:6      | Noticed Pikel
  5161 | D:6      | Killed Pikel
  5161 | D:6      | Reached skill level 5 in Armour
  5289 | D:6      | Found a sparkling altar of Nemelex Xobeh.
  5304 | D:6      | Became a worshipper of Nemelex Xobeh the Trickster
  5439 | D:7      | Found a staircase to the Ecumenical Temple.
  5457 | D:7      | Received a gift from Nemelex Xobeh
  5534 | D:7      | Reached skill level 1 in Evocations
  5556 | D:7      | Reached skill level 9 in Maces & Flails
  5722 | D:7      | Reached * piety under Nemelex Xobeh
  5842 | D:7      | Received a gift from Nemelex Xobeh
  5911 | D:7      | Noticed Duvessa
  5911 | D:7      | Noticed Dowan
  5919 | D:7      | Killed Duvessa
  5919 | D:7      | Reached skill level 1 in Stealth
  5919 | D:7      | Reached XP level 10. HP: 57/60 MP: 10/10
  5921 | D:7      | Killed Dowan
  6347 | D:8      | Reached ** piety under Nemelex Xobeh
  6377 | D:8      | Found a sacrificial altar of Ru.
  6387 | D:8      | Lost mutation: Potions are less effective at restoring your
                  | health. [potion of mutation]
  6387 | D:8      | Lost mutation: You have a pair of small horns on your head.
                  | [potion of mutation]
  6387 | D:8      | Gained mutation: You are agile. (Dex +2) [potion of
                  | mutation]
  6387 | D:8      | Gained mutation: You tend to lose your temper in combat.
                  | [potion of mutation]
  6387 | D:8      | Gained mutation: Your spells are a little harder to cast,
                  | but a little more powerful. [potion of mutation]
  6951 | D:9      | Received a gift from Nemelex Xobeh
  7221 | D:9      | Reached skill level 10 in Maces & Flails
  7560 | D:10     | Entered Level 10 of the Dungeon
  7703 | D:10     | Noticed a two-headed ogre
  7711 | D:10     | Killed a two-headed ogre
  7871 | D:10     | Reached *** piety under Nemelex Xobeh
  7871 | D:10     | Received a gift from Nemelex Xobeh
  7894 | D:10     | Got a smoking granite ring
  7895 | D:10     | Identified the ring of Atheism {Ice Slay+2} (You found it
                  | on level 10 of the Dungeon)
  8073 | D:10     | Reached XP level 11. HP: 66/66 MP: 11/11
  8077 | D:10     | Received a gift from Nemelex Xobeh
  8527 | D:11     | Noticed a hell beast
  8536 | D:11     | Noticed a two-headed ogre
  8540 | D:11     | Reached skill level 10 in Shields
  8548 | D:11     | Killed a two-headed ogre
  8718 | D:11     | Reached skill level 11 in Maces & Flails
  8731 | D:11     | Found an ancient bone altar of Kikubaaqudgha.
  8783 | D:11     | Found a staircase to the Lair.
  8996 | D:11     | Received a gift from Nemelex Xobeh
  9070 | D:11     | Noticed Urug
  9091 | D:11     | HP: 2/67 [troll (9)]
  9096 | D:11     | Slain by a troll

Levels and vault maps discovered:
D:1:      lightli_arrival_noodles, layout_loops_ring, hangedman_decor_growths,
          minivault_25
D:2:      minmay_thinvault, layout_basic, chequers_temple_overflow_minitemple,
          first_ration, dk_noncrumbling_3, minmay_joined_circles
D:3:      layout_basic, uniq_jessica, uniq_sigmund
D:4:      layout_loops_ring, good_gods_temple_1, grunt_qazlal_sundering,
          uniq_eustachio, uniq_ijyb
D:5:      layout_cave_pools
D:6:      layout_gridville, lemuel_doored_altar,
          nemelex_xobeh_ov_fountains_minmay, fountainhead, uniq_menkaure,
          uniq_pikel
D:7:      layout_basic, temple_fountains, roderic_roman_lattice, uniq_duvessa
D:8:      layout_cave_pods, nicolae_overflow_crystal_walls
D:9:      layout_loops_ring
D:10:     layout_loops_corners
D:11:     gammafunk_corrupted_shrine, layout_loops_corners, david_lair_generic,
          grunt_tengu_nest, lemuel_hellish_altar, uniq_urug

Skill      XL: |  1  2  3  4  5  6  7  8  9 10 11 |
---------------+----------------------------------+-----
Dodging        | 1 2 3 4 |  4.5
Shields        | 4 5 6 8 9 10 | 10.4
Maces & Flails | 3 4 5 7 9 10 11 | 11.3
Fighting       | 4 5 6 7 |  7.3
Armour         | 4 5 6 |  6.7
Evocations     | 1 |  1.0
Stealth        | 1 |  1.0

Action                   |  1- 3 |  4- 6 |  7- 9 | 10-12 || total
-------------------------+-------+-------+-------+-------++-------
Melee: Flail             |   131 |   139 |   399 |   462 ||  1131
       Headbutt          |       |    14 |    62 |     5 ||    81
 Abil: Draw Destruction  |       |       |     1 |     5 ||     6
       Draw Summoning    |       |       |       |     1 ||     1
Evoke: Wand              |       |       |     4 |       ||     4
  Use: Scroll            |     7 |     7 |     8 |     5 ||    27
       Potion            |       |     6 |     7 |     2 ||    15
  Eat: Ration            |     1 |     2 |     2 |     5 ||    10
Armor: Scale mail        |    70 |    66 |   137 |       ||   273
       Skin              |       |       |    27 |       ||    27
       Ring mail         |       |       |     2 |     2 ||     4
       Plate armour      |       |       |       |   270 ||   270
Dodge: Dodged            |    39 |    52 |   238 |   177 ||   506
Block: Shield            |    88 |    97 |   239 |   286 ||   710

Table legend:
 A = Non-vault XP
 B = Vault XP
 C = Vault XP percentage of total XP
 D = Non-vault monster count
 E = Vault monster count
 F = Vault count percentage of total count
                 A         B        C        D         E       F
            +---------+---------+-------+---------+---------+-------
      Total |   10721 |    2491 |  18.9 |     228 |      37 |  14.0
            +---------+---------+-------+---------+---------+-------
        D:1 |      32 |       0 |   0.0 |      18 |       0 |   0.0
        D:2 |      35 |     246 |  87.5 |      15 |      25 |  62.5
        D:3 |      79 |     245 |  75.6 |      24 |       2 |   7.7
        D:4 |     274 |     239 |  46.6 |      12 |       2 |  14.3
        D:5 |     747 |       0 |   0.0 |      24 |       0 |   0.0
        D:6 |    1108 |     786 |  41.5 |      25 |       2 |   7.4
        D:7 |     774 |     219 |  22.1 |      12 |       2 |  14.3
        D:8 |     394 |       0 |   0.0 |      12 |       0 |   0.0
        D:9 |    2074 |       0 |   0.0 |      36 |       0 |   0.0
       D:10 |    2636 |       0 |   0.0 |      27 |       0 |   0.0
       D:11 |    2568 |     756 |  22.7 |      23 |       4 |  14.8
            +---------+---------+-------+---------+---------+-------
